 Dungeon Crawl Stone Soup version 0.21-a0-260-g9b2435e (webtiles) character file.

408 Ijustatesigmund the Skirmisher (level 6, -1/45 HPs)
             Began as an Octopode Fighter on Sept 7, 2017.
             Was an Initiate of Okawaru.
             Slain by an ice beast (12 damage)
             ... on level 5 of the Dungeon.
             The game lasted 00:07:21 (3710 turns).

Ijustatesigmund the Skirmisher (Octopode Fighter)   Turns: 3710, Time: 00:07:21

Health: -1/45      AC:  1    Str: 16    XL:     6   Next: 88%
Magic:  6/6        EV: 12    Int: 10    God:    Okawaru [......]
Gold:   241        SH: 10    Dex: 13    Spells: 5/5 levels left

rFire    . . .     SeeInvis .   a - +0 flail
rCold    . . .     Gourm    +   b - +1 shield
rNeg     . . .     Faith    .   (helmet restricted)
rPois    .         Spirit   .   m - amulet of the gourmand
rElec    .         Reflect  .   h - ring of flight
rCorr    .         Harm     .   (no ring)
MR       .....                  (no ring)
Stlth    ++........             (no ring)
HPRegen  0.15/turn              (no ring)
MPRegen  0.10/turn              (no ring)
                                (no ring)
                                (no ring)

@: no status effects
A: almost no armour, stealthy swim, amphibious, 8 rings, constrict 8, camouflage
1, gelatinous body 1
a: Renounce Religion, Evoke Flight


You were on level 5 of the Dungeon.
You worshipped Okawaru.
Okawaru was noncommittal.
You were very full.

You visited 2 branches of the dungeon, and saw 7 of its levels.

You collected 241 gold pieces.

Inventory:

Hand Weapons
 a - a +0 flail (weapon)
Armour
 b - a +1 shield (worn)
Jewellery
 h - a ring of flight (left tentacle)
 m - an amulet of the gourmand (around mantle)
Wands
 n - a wand of confusion (48/48)
Scrolls
 g - 4 scrolls of immolation
 l - 3 scrolls of remove curse
 o - a scroll of enchant armour
 q - a scroll of identify
Potions
 c - 4 potions of might
 e - a potion of curing
 j - a potion of flight
 p - a potion of resistance
Comestibles
 d - 5 bread rations
 f - 4 meat rations
 k - a royal jelly


   Skills:
 + Level 5.2 Fighting
 + Level 4.5 Maces & Flails
 - Level 3.0 Dodging
 + Level 4.2 Shields
 + Level 0.9 Invocations


You had 5 spell levels left.
You didn't know any spells.

Dungeon Overview and Level Annotations

Branches:
Dungeon (6/15)             Temple (1/1) D:4

Altars:
Ashenzari
Fedhas
Gozag
Hepliaklqana
Kikubaaqudgha
Makhleb
Nemelex Xobeh
Okawaru
Qazlal
Ru
Sif Muna
Trog
Uskayaw
Vehumet
Wu Jian
Yredelemnul


Innate Abilities, Weirdness & Mutations

You cannot wear most types of armour.
You are very stealthy in the water. (Stealth+)
You are amphibious.
You can wear up to eight rings at the same time.
You can use your tentacles to constrict eight enemies at once.
Your skin changes colour to match your surroundings (Stealth+).
Your rubbery body absorbs attacks. (AC +1, EV +1)


Message History

The ice beast completely misses you.
You sock the ice beast!
The ice beast is heavily wounded.
You block the ice beast's attack. The ice beast hits you.
The ice beast freezes you!
You hit the ice beast but do no damage.
The ice beast is heavily wounded.
You block the ice beast's attack.
You barely miss the ice beast. Your squeeze misses the ice beast.
The ice beast is heavily wounded.
The ice beast barely misses you.
You closely miss the ice beast.
The ice beast is heavily wounded.
The ice beast hits you. The ice beast freezes you!
You hit the ice beast. Your squeeze misses the ice beast.
The ice beast is severely wounded.
The ice beast hits you. The ice beast freezes you! The ice beast hits you.
* * * LOW HITPOINT WARNING * * *
The ice beast freezes you!
You die...

#.# #.# #.# #.# #.#
######## #.#
.......####.#### #
#.......@Y..# #.
##..###...#.#
#.#####..##......#
#........###...#....
#........# ##.######
#[.#.#...# #.#
#........# #.#
##.#.#..## #+#
#..#####


You could see an ice beast.

Vanquished Creatures
  A bullfrog (D:6)
  3 hounds
  An orc priest (D:4)
  An orc wizard (D:4)
  A hound skeleton (D:6)
  A worker ant zombie (D:6)
  A howler monkey skeleton (D:6)
  6 adders
  2 oozes
  4 worms
  2 dart slugs
  3 leopard geckos
  14 orcs
  6 bats
  7 giant cockroaches
  4 goblins
  6 hobgoblins
  2 jackals (D:2)
  3 ball pythons
  2 frilled lizards (D:2)
  7 kobolds
  7 rats
84 creatures vanquished.

Notes
Turn   | Place    | Note
-------+----------+-------------------------------------------
     0 | D:1      | Ijustatesigmund the Octopode Fighter began the quest for the Orb.
     0 | D:1      | Reached XP level 1. HP: 16/16 MP: 1/1
    51 | D:1      | Reached XP level 2. HP: 15/21 MP: 2/2
   389 | D:1      | Reached XP level 3. HP: 26/26 MP: 3/3
   634 | D:2      | Found a basalt altar of Yredelemnul.
   653 | D:2      | Reached skill level 4 in Fighting
   653 | D:2      | Reached XP level 4. HP: 29/33 MP: 4/4
   742 | D:2      | Found a bloodstained altar of Trog.
  1072 | D:2      | Found an ornate altar of the Wu Jian Council.
  1238 | D:2      | Found an opulent altar of Gozag.
  1428 | D:2      | Found a deep blue altar of Sif Muna.
  1736 | D:3      | Reached XP level 5. HP: 35/38 MP: 5/5
  2366 | D:4      | You fall through a shaft for 2 floors!
  2371 | D:6      | Reached XP level 6. HP: 32/45 MP: 6/6
  2506 | D:6      | Reached skill level 5 in Fighting
  2558 | D:5      | Entered Level 5 of the Dungeon
  2705 | D:4      | Found a staircase to the Ecumenical Temple.
  2717 | Temple   | Entered the Ecumenical Temple
  2811 | Temple   | Became a worshipper of Warmaster Okawaru
  2849 | D:4      | Found a stormy altar of Qazlal.
  2898 | D:4      | Found a sparkling altar of Nemelex Xobeh.
  2926 | D:4      | Found a sparkling altar of Nemelex Xobeh.
  3698 | D:5      | Noticed an ice beast
  3710 | D:5      | Slain by an ice beast

Vault maps used:
D:1:      ncdulo_watergridlock
D:2:      nicolae_overflow_hidden_temple, marbit_many_paths, bloody_trog,
          nicolae_overflow_crystal_walls, overflow_temple_1_default,
          serial_co_window_serial, co_window_paths_a, co_window_corner_a,
          co_window_paths_b, co_window_cross_1, co_window_corner_a,
          co_window_of_opportunity_b, co_window_2corner, co_window_broadway_c,
          co_window_sun, glass_columns_a, glass_columns_b, glass_columns_a
D:3:      kennysheep_another_room, serial_bayou_lagoon_a
D:4:      nemelex_xobeh_ov_fountains_minmay, nicolae_qazlal_general_emergency,
          minmay_temple_entry_trees, first_bread, nemelex_spade_bored_becter
D:5:      gammafunk_temple_overflow_pools
D:6:      old_standard_altar, lemuel_crystal_altar, serial_shops, shop_statue,
          uniq_blork_the_orc
Temple:   dpeg_three_leaves_temple

Skill      XL: |  1  2  3  4  5  6 |
---------------+-------------------+-----
Fighting       | 4 5 |  5.2
Maces & Flails | 3 4 |  4.5
Shields        | 4 |  4.2
Dodging        | |  3.0
Invocations    | |  0.9

Action                   |  1- 3 |  4- 6 || total
-------------------------+-------+-------++-------
Melee: Flail             |    40 |   120 ||   160
       Constrict         |    11 |    32 ||    43
       Tentacles         |     8 |    25 ||    33
  Use: Scroll            |     3 |    11 ||    14
       Potion            |       |     1 ||     1
 Stab: Sleeping          |     9 |    13 ||    22
  Eat: Chunk             |       |    27 ||    27
Armor: Skin              |       |     4 ||     4
Dodge: Dodged            |    12 |    41 ||    53
Block: Shield            |    18 |    47 ||    65

Table legend:
 A = Spawn XP
 B = Non-spawn XP
 C = Spawn XP percentage of total XP
 D = Spawn monster count
 E = Non-spawn monster count
 F = Spawn count percentage of total count
 G = Total turns spent on level
                    A         B        C        D         E        F      G
               +---------+---------+-------+---------+---------+-------+---------
         Total |       0 |     584 |   0.0 |       0 |      84 |   0.0 |  3710
               +---------+---------+-------+---------+---------+-------+---------
           D:1 |       0 |      40 |   0.0 |       0 |      22 |   0.0 |   594
           D:2 |       0 |     104 |   0.0 |       0 |      19 |   0.0 |  1037
           D:3 |       0 |      74 |   0.0 |       0 |      17 |   0.0 |   630
           D:4 |       0 |     182 |   0.0 |       0 |      20 |   0.0 |  1007
           D:6 |       0 |     184 |   0.0 |       0 |       6 |   0.0 |   192
               +---------+---------+-------+---------+---------+-------+---------
